 Dungeon Crawl Stone Soup version 0.18-b1-22-ge198996 (webtiles) character file.

22 Chiseanne the Magician (level 2, 0/19 HPs)
             Began as a Demonspawn Wizard on May 4, 2016.
             Slain by a hobgoblin (5 damage)
             ... led by Robin
             ... on level 1 of the Dungeon.
             The game lasted 00:02:23 (1265 turns).

Chiseanne the Magician (Demonspawn Wizard)          Turns: 1265, Time: 00:02:23

Health: 0/19       AC:  2    Str:  7    XL:     2   Next: 68%
Magic:  1/6        EV: 12    Int: 19    God:
Gold:   55         SH:  0    Dex: 11    Spells: 3 memorised, 2 levels left

rFire  . . .     SeeInvis .     f - +0 spear
rCold  + . .     Gourm    .     a - +0 robe
rNeg   . . .     Faith    .     (no shield)
rPois  .         Spirit   .     b - +0 hat
rElec  .         Dismiss  .     (no cloak)
rCorr  .         Reflect  .     (no gloves)
SustAt .         Harm     .     (no boots)
MR     .....                    (no amulet)
Stlth  ++........               (no ring)
                                g - ring of flight

@: repel missiles, not resistant to hostile enchantments, unstealthy
A: cold resistance 1
a: Evoke Flight


You were on level 1 of the Dungeon.
You were hungry.

You visited 1 branch of the dungeon, and saw 2 of its levels.

You collected 55 gold pieces.

Inventory:

Hand Weapons
 f - a +0 spear (weapon)
Missiles
 e - 69 stones (quivered)
 h - 14 bolts
Armour
 a - a +0 robe (worn)
 b - a +0 hat (worn)
Jewellery
 g - a ring of flight (left hand)
Scrolls
 i - a scroll of identify
 l - a scroll of remove curse
Potions
 j - a potion of cure mutation {unknown}
 k - a potion of berserk rage
 m - a potion of curing
Books
 c - a book of Minor Magic

   Spells                             Type                      Level
   a - Magic Dart                     Conjuration                  1
   b - Blink                          Translocation                2
   c - Call Imp                       Summoning                    2
   d - Repel Missiles                 Charms/Air                   2
   e - Slow                           Hexes                        2
   f - Conjure Flame                  Conjuration/Fire             3
   g - Mephitic Cloud                 Conjuration/Poison/Air       3
Comestibles
 d - a bread ration
 n - 3 fruits


   Skills:
 - Level 1.7 Dodging
 - Level 1.7 Stealth
 * Level 3.4 Spellcasting
 * Level 2.0 Conjurations
   Level 1.0 Summonings
 - Level 0.8 Translocations


You had 2 spell levels left.
You knew the following spells:

 Your Spells              Type           Power        Failure   Level  Hunger
a - Magic Dart            Conj           ##..         10%         1    None
b - Blink                 Tloc           N/A          17%         2    ##.....
c - Repel Missiles        Chrm/Air       #.....       24%         2    ##.....


Dungeon Overview and Level Annotations

Branches:
Dungeon (2/15)

Altars:

Annotations:
D:2 Robin


Innate Abilities, Weirdness & Mutations

Your flesh is cold resistant.


Message History

Press: ? - help, Shift-Dir - straight line, f - hobgoblin
Aim: a hobgoblin The magic dart hits the hobgoblin.
The hobgoblin barely misses you.
Casting: Magic Dart
Confirm with . or Enter, or press ? or * to list all spells.
You don't have enough magic to cast that spell.
Casting: Magic Dart
Confirm with . or Enter, or press ? or * to list all spells.
You don't have enough magic to cast that spell.
You hit the hobgoblin.
The hobgoblin is lightly wounded.
The hobgoblin hits you.
You hit the hobgoblin.
The hobgoblin is heavily wounded.
The hobgoblin hits you.
* * * LOW HITPOINT WARNING * * *
You barely miss the hobgoblin.
The hobgoblin is heavily wounded.
The hobgoblin hits you.
You die...

...# #...........#.#.........
...# ###..........#........###
...# #............>....#...##.
...########.#........#........#..
............†.[.........>....##..
############.......#......#..##..
#........####.###.#.#.......##.#
##....[...####.###.#.#........#.#
.'........'.....@g............#..
##........####.########.......#.#
#........# #..# #...#.###..
#........# ##.## #..##[# #).
#........# #..# ##.##.# #..
#........# ##.## #.##.###..
########## #..# #.##...... ##.##
#.......## #..# #.##..#.##


You could see a hobgoblin.

Vanquished Creatures
  4 bats (D:1)
  A giant cockroach (D:1)
  2 goblins (D:1)
  3 hobgoblins
  2 jackals (D:1)
  2 kobolds (D:1)
  A giant newt (D:1)
  6 rats
21 creatures vanquished.

Notes
Turn   | Place    | Note
--------------------------------------------------------------
     0 | D:1      | Chiseanne the Demonspawn Wizard began the quest for the Orb.
     0 | D:1      | Reached XP level 1. HP: 13/13 MP: 4/4
   396 | D:1      | Gained mutation: Your flesh is cold resistant. [demonic ancestry]
   396 | D:1      | Reached XP level 2. HP: 19/19 MP: 1/6
  1195 | D:1      | Learned a level 2 spell: Blink
  1198 | D:1      | Learned a level 2 spell: Repel Missiles
  1241 | D:2      | Noticed Robin
  1265 | D:1      | Slain by a hobgoblin

Skill      XL: |  1  2 |
---------------+-------+-----
Conjurations   | 2 |  2.0
Dodging        | |  1.7
Stealth        | |  1.7
Spellcasting   | |  3.4
Summonings     | |  1.0
Translocations | |  0.8

Action                   || total
-------------------------++-------
Melee: Spear             ||     6
 Cast: Magic Dart        ||    54
       Repel Missiles    ||     1
  Use: Scroll            ||     4
Armor: Robe              ||     8
Dodge: Dodged            ||    19
